 Dungeon Crawl Stone Soup version 0.31.0-12-g77e489cdc1 (webtiles) character file.

Game seed: 16811798788137624006

18 Peloso the Shield-Bearer (level 2, -2/27 HPs)
             Began as a Minotaur Fighter on Mar 2, 2024.
             Slain by Natasha (5 damage)
             ... on level 2 of the Dungeon.
             The game lasted 00:01:00 (772 turns).

Peloso the Shield-Bearer (Minotaur Fighter)          Turns: 772, Time: 00:01:04

Health: -2/27      AC:  7    Str: 20    XL:     2   Next: 51%
Magic:  1/1        EV:  9    Int:  5    God:
Gold:   65         SH:  4    Dex:  9    Spells: 1/1 levels left

rFire   . . .        a - +0 long sword
rCold   . . .        c - +0 buckler
rNeg    . . .        b - +0 scale mail
rPois   .            (helmet restricted)
rElec   .            (no cloak)
rCorr   .            (no gloves)
SInv    .            (no boots)
Will    .....        (no amulet) Stlth
                     (no ring)
HPRegen 0.24/turn    (no ring)
MPRegen 0.07/turn

%: no passive effects
@: hasted and slowed
A: horns 2, retaliatory headbutt
a: no special abilities


You were on level 2 of the Dungeon.
You visited 1 branch of the dungeon, and saw 2 of its levels.

You collected 65 gold pieces.

Inventory:

Hand Weapons
 a - a +0 long sword (weapon)
Armour
 b - a +0 scale mail (worn)
 c - a +0 buckler (worn)
Potions
 d - a potion of might
 g - a potion of curing {unknown}


   Skills:
 + Level 3.8 Fighting
 + Level 2.9 Long Blades
 + Level 3.9 Armour
 + Level 4.0 Shields


You had one spell level left.
You didn't know any spells.
Your spell library contained the following spells:

 Spells                   Type           Power      Damage    Failure   Level
 Cigotuvi's Dreadful Rot  Necr/Alch/Air  0%         N/A       95%         2
 Dispel Undead            Necr           0%         3d6       100%        4
 Martyr's Knell           Necr/Summ      0%         N/A       100%        4
 Death Channel            Necr           0%         N/A       100%        6


Dungeon Overview and Level Annotations

Branches:
Dungeon (2/15)

Altars:

Shops:
D:1 [

Annotations:
D:2 Natasha


Innate Abilities, Weirdness & Mutations

You have a pair of horns on your head.
You reflexively headbutt those who attack you in melee.


Message History

The endoplasm hits you but does no damage.
You slash the endoplasm!
You kill the endoplasm!
You see here a +0 short sword.
Natasha, Servant of Life and Death comes into view.
She is carrying a wand of flame.
Natasha hisses angrily.
Natasha casts a spell at you.
You feel yourself slow down.
Natasha is nearby!
Natasha is nearby!
Natasha casts a spell at you.
The magic dart hits you but does no damage.
A frilled lizard comes into view.
Natasha stares at you and mumbles some strange words.
The magic dart hits you!
Natasha mumbles some strange words.
Natasha's front paws start to glow.
Natasha claws you but does no damage.
You miss Natasha. Natasha closely misses you. Natasha claws you.
You closely miss Natasha. Your headbutt misses Natasha.
Natasha zaps a wand.
The puff of flame hits you. Natasha casts a spell at you.
You resist with significant effort.
You barely miss Natasha. Natasha completely misses you.
The frilled lizard bites you. Natasha closely misses you.
The frilled lizard bites you but does no damage.
You completely miss Natasha. Your headbutt misses Natasha.
Natasha stares at you and mumbles some strange words.
The magic dart hits you!
* * * LOW HITPOINT WARNING * * *
The frilled lizard barely misses you. Natasha claws you.
* * * LOW HITPOINT WARNING * * *
You block the frilled lizard's attack.
It was a potion of haste.
You feel yourself speed up.
Natasha zaps a wand.
The puff of flame misses you.
The puff of flame hits the frilled lizard!
The frilled lizard dies!
Natasha claws you.
You die...
Natasha curls up and begins to purr.

###############
#.h@†.........#
#.####.###.##.#
###.#......#.##.#
..h........#.##.#
.l....###...###.#
###.## #..## #.#
# #..# #.#
#.#####..####.#
###......)......#


You could see Natasha.

Vanquished Creatures
  A ball python (D:1)
  4 endoplasms
  A goblin (D:1)
  3 kobolds
  2 quokkas (D:1)
  2 bats (D:1)
  A frilled lizard (D:1)
  3 rats
17 creatures vanquished.

Vanquished Creatures (others)
  A frilled lizard (D:2)
1 creature vanquished.

Grand Total: 18 creatures vanquished

Notes
Turn   | Place    | Note
-------+----------+-------------------------------------------
     0 | D:1      | Peloso the Minotaur Fighter began the quest for the Orb.
     0 | D:1      | Reached XP level 1. HP: 19/19 MP: 0/0
   227 | D:1      | Reached XP level 2. HP: 23/27 MP: 1/1
   403 | D:1      | Found a faded altar of an unknown god.
   403 | D:1      | Found Wuluutz's Antique Armour Emporium.
   544 | D:1      | Reached skill level 4 in Shields
   762 | D:2      | Noticed Natasha
   772 | D:2      | Slain by Natasha

Illustrated notes

Levels and vault maps discovered:
D:1:      dpeg_arrival_rooms_a, layout_loops_cross,
          hellmonk_ecumenical_altar_heavens_door, serial_shops, shop
D:2:      layout_loops_ring, uniq_natasha

Skill      XL: |  1  2 |
---------------+-------+-----
Shields        | 4 |  4.0
Fighting       | |  3.8
Long Blades    | |  2.9
Armour         | |  3.9

Action                     || total
---------------------------++-------
  Melee: Long sword        ||    44
         Headbutt          ||     1
    Use: Scroll            ||     2
         Potion            ||     1
 Armour: Scale mail        ||    34
  Dodge: Dodged            ||    24
  Block: Buckler           ||    10
